 Dungeon Crawl Stone Soup version 0.28-a0-1235-g7c8fac35f0 (webtiles) character file.

Game seed: 7924426634929137431

50 Gwenloh the Digger (level 3, -3/19 HPs)
             Began as a Gargoyle Earth Elementalist on Dec 24, 2021.
             Slain by an ogre (18 damage)
             ... on level 2 of the Dungeon.
             The game lasted 00:02:59 (1895 turns).

Gwenloh the Digger (Gargoyle Earth Elementalist)    Turns: 1895, Time: 00:02:59

Health: -3/19      AC:  5    Str: 11    XL:     3   Next: 79%
Magic:  2/7        EV: 11    Int: 17    God:
Gold:   22         SH:  0    Dex: 10    Spells: 1/7 levels left

rFire   . . .      SeeInvis .   d - +2 dagger (venom)
rCold   . . .      Faith    .   (no shield)
rNeg    + . .      Spirit   .   b - +0 robe
rPois   ∞          Reflect  .   (no helmet)
rElec   +          Harm     .   (no cloak)
rCorr   .          Rampage  .   (no gloves)
Will    .....                   (no boots)
Stlth   ++........              (no amulet)
HPRegen 0.06/turn               (no ring)
MPRegen 0.10/turn               (no ring)

@: no status effects
A: sickness immunity, AC +3, negative energy resistance 1, electricity
resistance, torment resistance 1, petrification resistance
a: no special abilities


You were on level 2 of the Dungeon.
You visited 1 branch of the dungeon, and saw 2 of its levels.

You collected 22 gold pieces.

Inventory:

Hand Weapons
 d - a +2 dagger of venom (weapon)
Missiles
 a - 13 arrows
 c - 47 stones
Armour
 b - a +0 robe (worn)
Potions
 e - a potion of curing {unknown}


   Skills:
 - Level 1.5 Dodging
 - Level 2.1 Stealth
 + Level 2.9 Spellcasting
 + Level 0.9 Conjurations
 - Level 0.7 Transmutations
 + Level 4.6 Earth Magic


You had one spell level left.
You knew the following spells:

 Your Spells              Type           Power      Damage    Failure   Level
a - Sandblast             Erth           36%        2d10      2%          1
b - Stone Arrow           Conj/Erth      22%        3d8       17%         3
c - Passwall              Tmut/Erth      9%         N/A       9%          2

Your spell library contained the following spells:

 Spells                   Type           Power      Damage    Failure   Level
 Petrify                  Tmut/Erth      11%        N/A       52%         4


Dungeon Overview and Level Annotations

Branches:
Dungeon (2/15)

Altars:


Innate Abilities, Weirdness & Mutations

You are immune to sickness and miasma.
Your stone body is resilient. (AC +3)
You are immune to poison.
You resist negative energy. (rN+)
You are resistant to electric shocks. (rElec)
You are resistant to unholy torment.
You are immune to petrification.


Message History

A goblin is nearby!
Casting: Stone Arrow (extremely dangerous; 19% risk of failure)
Confirm with . or Enter, or press ? or * to list all spells.
Aiming: Sandblast (safe; 2% risk of failure)
Press: ? - help, Shift-Dir - straight line, f - goblin
Aim: a goblin, wielding a +0 dagger (74% to hit)
The blast of sand hits the goblin!
You kill the goblin!
A giant cockroach comes into view.
A goblin comes into view. It is wielding a +0 club.
You barely miss the giant cockroach. The giant cockroach barely misses you.
You hit the giant cockroach.
The giant cockroach is poisoned.
The giant cockroach is almost dead.
You kill the giant cockroach!
The blast of sand hits the goblin.
You kill the goblin!
A ball python comes into view.
The ball python hisses angrily.
An ogre comes into view. It is wielding a +0 giant club.
You hit the ball python.
The ball python is moderately wounded.
The ball python bites you but does no damage.
The ball python misses you.
You barely miss the ball python.
The ball python is moderately wounded.
The ball python misses you. The ball python grabs you.
The ball python constricts you.
The ball python's grasp on you weakens, but your attempt to escape fails.
The ball python bites you. The ball python constricts you.
The ball python barely misses you. The ball python constricts you.
Unknown command.
The ball python's grasp on you weakens, but your attempt to escape fails.
The ogre hits you with a +0 giant club.
The ball python bites you but does no damage.
The ball python constricts you.
Unknown command.
You escape the ball python's grasp.
The ogre hits you with a +0 giant club!!
Ouch! That really hurt!
You die...

#.......#
#.......#
#.......#
#....[..#
#..†....#
#.......#
###.......##
#..........#####
#......†@S......
#.......†O).....
#...............
#[.........)....
#...........(...
#...............
#...............
######.##.......


You could see an ogre and a ball python.

Vanquished Creatures
  2 adders (D:2)
  4 ball pythons (D:1)
  A bat (D:1)
  3 endoplasms (D:1)
  2 giant cockroaches
  5 goblins
  A hobgoblin (D:1)
  2 kobolds
  3 quokkas
  A frilled lizard (D:1)
  6 rats (D:1)
30 creatures vanquished.

Vanquished Creatures (others)
  14 plants (D:1)
14 creatures vanquished.

Grand Total: 44 creatures vanquished

Notes
Turn   | Place    | Note
-------+----------+-------------------------------------------
     0 | D:1      | Gwenloh the Gargoyle Earth Elementalist began the quest for
                  | the Orb.
     0 | D:1      | Reached XP level 1. HP: 10/10 MP: 3/3
   340 | D:1      | Reached skill level 4 in Earth Magic
   340 | D:1      | Reached XP level 2. HP: 4/15 MP: 3/5
   343 | D:1      | Learned a level 2 spell: Passwall
   730 | D:1      | Found a faded altar of an unknown god.
  1318 | D:1      | Reached XP level 3. HP: 19/19 MP: 6/6
  1322 | D:1      | Learned a level 3 spell: Stone Arrow
  1887 | D:2      | Noticed an ogre
  1895 | D:2      | Slain by an ogre

Illustrated notes

Levels and vault maps discovered:
D:1:      minmay_arrival_nine_rooms, layout_basic,
          ebering_ecumenical_altar_abandoned, chequers_big_river,
          serial_bayou_lake_a
D:2:      layout_rooms, basic_altar, minmay_heptomino_d4

Skill      XL: |  1 |
---------------+----+-----
Earth Magic    | 4 |  4.6
Dodging        | |  1.5
Stealth        | |  2.1
Spellcasting   | |  2.9
Conjurations   | |  0.9
Transmutations | |  0.7

Action                   || total
-------------------------++-------
Melee: Dagger            ||    56
       Unarmed           ||     6
 Cast: Sandblast         ||     6
       Stone Arrow       ||     4
 Stab: Sleeping          ||     4
Armor: Robe              ||    16
Dodge: Dodged            ||    29

Table legend: (Time is in decaauts)
 A = Elapsed time spent in this place.
 B = Non-inter-level travel time spent in this place.
 C = Inter-level travel time spent in this place.
 D = Time resting spent in this place.
 E = Time spent auto-exploring this place.
 F = Levels seen in this place.
 G = Mean time per level.
                   A        B        C        D        E       F      G
               +--------+--------+--------+--------+--------+-----+--------+
         Total |   1943 |   1895 |     48 |     74 |   1558 |   2 |  971.5 |
       Dungeon |   1943 |   1895 |     48 |     74 |   1558 |   2 |  971.5 |
               +--------+--------+--------+--------+--------+-----+--------+

Top non-repeatable levels by time:
     D:1: 1891 daAuts
     D:2: 52 daAuts
